NYP
EVERETT AQUASOX @ TRI-CITY VALLEYCATS
05/06/2044
 
TOP OF THE 1ST
Everett AquaSox batting - Pitching for Tri-City ValleyCats : RHP Willie Jimenez
Pitching: RHP Willie Jimenez
Batting: RHB Heihachiro Fujita 0-0: Ball
1-0: Called Strike
1-1: Swinging Strike
1-2: Strikes out swinging
Batting: RHB Mike Conaway 0-0: Ball
1-0: Called Strike
1-1: Fly out, F6 (Flyball, 56D, EV 71.2 MPH)
Batting: LHB Taki Matsui 0-0: Ground out 4-3 (Groundball, 4, EV 90.0 MPH)
Top of the 1st over - 0 runs, 0 hits, 0 errors, 0 left on base; Everett 0 - Tri-City 0
BOTTOM OF THE 1ST
Tri-City ValleyCats batting - Pitching for Everett AquaSox : RHP Marty Maginnis
Pitching: RHP Marty Maginnis
Batting: RHB Ben Hoffman 0-0: Called Strike
0-1: Called Strike
0-2: Ball
1-2: Ball
2-2: Foul Ball, location: 2F
2-2: Ground out 4-3 (Groundball, 4, EV 97.5 MPH)
Batting: RHB Justin Olmstead 0-0: Called Strike
0-1: Ball
1-1: Called Strike
1-2: Ball
2-2: Ground out 6-3 (Groundball, 6, EV 80.0 MPH)
Batting: SHB Chris Keziah 0-0: Foul Ball, location: 2F
0-1: Swinging Strike
0-2: Ball
1-2: Ball
2-2: Foul Ball, location: 2F
2-2: Ball
3-2: Base on Balls
Batting: LHB Vinny Siebecker 0-0: Called Strike
0-1: Ball
1-1: Ball
2-1: Swinging Strike
2-2: Strikes out looking
Bottom of the 1st over - 0 runs, 0 hits, 0 errors, 1 left on base; Everett 0 - Tri-City 0
TOP OF THE 2ND
Everett AquaSox batting - Pitching for Tri-City ValleyCats : RHP Willie Jimenez
Batting: LHB Omar Colunga 0-0: Swinging Strike
0-1: Foul Ball, location: 2F
0-2: Ball
1-2: Strikes out swinging
Batting: SHB Tony Morales 0-0: Ball
1-0: TRIPLE (Flyball, 7LD, EV 98.1 MPH)
Batting: RHB Nick Edmunds 0-0: Ball
1-0: SINGLE (Groundball, 56D, EV 97.5 MPH)
Tony Morales scores
Batting: RHB Enrique Valdez 0-0: Ball
Nick Edmunds is caught stealing 2nd base 2-4
1-0: Ground out 6-3 (Groundball, 6, EV 83.8 MPH)
Top of the 2nd over - 1 run, 2 hits, 0 errors, 0 left on base; Everett 1 - Tri-City 0
BOTTOM OF THE 2ND
Tri-City ValleyCats batting - Pitching for Everett AquaSox : RHP Marty Maginnis
Batting: SHB Salvador Gomez 0-0: Ball
1-0: Ball
2-0: Called Strike
2-1: Ball
3-1: Fly out, F6 (Line Drive, 6, EV 71.2 MPH)
Batting: RHB Nate Britton 0-0: Swinging Strike
0-1: Fly out, F5 (Popup, 25F, EV 85.6 MPH)
Batting: RHB Mike Koch 0-0: Ball
1-0: Ball
2-0: Foul Ball, location: 2F
2-1: Foul Ball, location: 2F
2-2: Foul Ball, location: 2F
2-2: Strikes out swinging
Bottom of the 2nd over - 0 runs, 0 hits, 0 errors, 0 left on base; Everett 1 - Tri-City 0
TOP OF THE 3RD
Everett AquaSox batting - Pitching for Tri-City ValleyCats : RHP Willie Jimenez
Batting: RHB Franklin Romero 0-0: Foul Ball, location: 2F
0-1: Ball
1-1: Ball
2-1: Ball
3-1: Foul Ball, location: 2F
3-2: Reached on error, E5 (Groundball, 5S, EV 84.4 MPH)
Pitching: RHP Jon Davis
Batting: RHB David Greene 0-0: Ball
1-0: Ball
2-0: Ball
3-0: Base on Balls
Franklin Romero to second
Batting: RHB Heihachiro Fujita 0-0: Ball
1-0: Ball
2-0: Ball
3-0: Base on Balls
Franklin Romero to third
David Greene to second
Batting: RHB Mike Conaway 0-0: Ball
1-0: Fielders Choice at 2nd, 4-6 (Groundball, 4, EV 86.9 MPH)
Franklin Romero scores
David Greene to third
Batting: LHB Taki Matsui 0-0: Ball
Mike Conaway steals 2nd base
1-0: Swinging Strike
1-1: Foul Ball, location: 2F
1-2: Ground out U3 (Groundball, 3, EV 104.4 MPH)
Batting: LHB Omar Colunga 0-0: Called Strike
0-1: Ball
Passed Ball!
David Greene scores
Mike Conaway to third
1-1: Ball
2-1: Foul Ball, location: 2F
2-2: Ball
3-2: Foul Ball, location: 2F
3-2: Strikes out swinging
Top of the 3rd over - 2 runs, 0 hits, 1 error, 1 left on base; Everett 3 - Tri-City 0
BOTTOM OF THE 3RD
Tri-City ValleyCats batting - Pitching for Everett AquaSox : RHP Marty Maginnis
Batting: RHB Ruben Pujols 0-0: Ball
1-0: Ground out 4-3 (Groundball, 4, EV 94.4 MPH)
Batting: RHB Rob Baker 0-0: SINGLE (Line Drive, 4M, EV 100.6 MPH)
Batting: RHB Ben Hoffman 0-0: Called Strike
0-1: Foul Ball, location: 2F
0-2: Ball
1-2: Strikes out swinging
Batting: RHB Justin Olmstead 0-0: Ball
Rob Baker steals 2nd base
1-0: Ball
2-0: Swinging Strike
2-1: Foul Ball, location: 2F
2-2: Ball
3-2: Foul Ball, location: 2F
3-2: SINGLE (Groundball, 6D, EV 98.8 MPH)
Rob Baker to third
Runner from 3rd tries for Home, SAFE, throw by CF to home
Batting: SHB Chris Keziah 0-0: Ball
Justin Olmstead steals 2nd base
1-0: Ball
2-0: Foul Ball, location: 2F
2-1: Ground out 4-3 (Groundball, 4, EV 105.0 MPH)
Bottom of the 3rd over - 1 run, 2 hits, 0 errors, 1 left on base; Everett 3 - Tri-City 1
TOP OF THE 4TH
Everett AquaSox batting - Pitching for Tri-City ValleyCats : RHP Jon Davis
Pitching: RHP Arsène Serre
Batting: SHB Tony Morales 0-0: Ball
1-0: Ball
2-0: Ball
3-0: Swinging Strike
3-1: Foul Ball, location: 2F
3-2: Fly out, F7 (Flyball, 7S, EV 80.6 MPH)
Batting: RHB Nick Edmunds 0-0: Ball
1-0: Ball
2-0: Ball
3-0: Foul Ball, location: 2F
3-1: Foul Ball, location: 2F
3-2: Base on Balls
Batting: RHB Enrique Valdez 0-0: Swinging Strike
0-1: Swinging Strike
0-2: Ball
1-2: Fielders Choice at 2nd, 1-6 (Groundball, 34S, EV 66.2 MPH)
Batting: RHB Franklin Romero 0-0: Called Strike
0-1: Ball
1-1: Called Strike
1-2: Fly out, F2 (Popup, 2L, EV 88.1 MPH)
Top of the 4th over - 0 runs, 0 hits, 0 errors, 1 left on base; Everett 3 - Tri-City 1
BOTTOM OF THE 4TH
Tri-City ValleyCats batting - Pitching for Everett AquaSox : RHP Marty Maginnis
Batting: LHB Vinny Siebecker 0-0: Called Strike
0-1: Ball
1-1: Foul Ball, location: 2F
1-2: Foul Ball, location: 2F
1-2: Strikes out swinging, 2-3 out at first.
Batting: SHB Salvador Gomez 0-0: Foul Ball, location: 2F
0-1: Foul Ball, location: 2F
0-2: Foul Ball, location: 2F
0-2: Ball
1-2: Ball
2-2: Ball
3-2: Fly out, F7 (Line Drive, 7, EV 92.5 MPH)
Batting: RHB Nate Britton 0-0: Ball
1-0: Ground out 6-3 (Groundball, 6, EV 80.6 MPH)
Bottom of the 4th over - 0 runs, 0 hits, 0 errors, 0 left on base; Everett 3 - Tri-City 1
TOP OF THE 5TH
Everett AquaSox batting - Pitching for Tri-City ValleyCats : RHP Arsène Serre
Pitching: RHP Chris Miles
Batting: RHB David Greene 0-0: Called Strike
0-1: Bunted foul
0-2: Ball
1-2: Ball
2-2: SINGLE (Groundball, 6D, EV 103.1 MPH)
Batting: RHB Heihachiro Fujita 0-0: Ball
1-0: Ball
2-0: Called Strike
2-1: Swinging Strike
2-2: Ball
3-2: Strikes out swinging
Batting: RHB Mike Conaway 0-0: Called Strike
0-1: Ball
1-1: Foul Ball, location: 2F
1-2: Strikes out swinging
Batting: LHB Taki Matsui 0-0: Ball
1-0: Ball
2-0: Ball
3-0: Base on Balls
David Greene to second
Batting: LHB Omar Colunga 0-0: Fly out, F8 (Flyball, 78M, EV 87.5 MPH)
Top of the 5th over - 0 runs, 1 hit, 0 errors, 2 left on base; Everett 3 - Tri-City 1
BOTTOM OF THE 5TH
Tri-City ValleyCats batting - Pitching for Everett AquaSox : RHP Marty Maginnis
Batting: RHB Mike Koch 0-0: Called Strike
0-1: Ground out 5-3 (Groundball, 56, EV 100.0 MPH)
Batting: RHB Ruben Pujols 0-0: Ball
1-0: Ball
2-0: Called Strike
2-1: Ball
3-1: Base on Balls
Pitching: RHP Francisco Mercado
Batting: RHB Rob Baker 0-0: Swinging Strike
0-1: Ball
Wild Pitch!
Ruben Pujols to second
1-1: Ball
2-1: Foul Ball, location: 2F
2-2: Ball
3-2: Foul Ball, location: 2F
3-2: Foul Ball, location: 2F
3-2: SINGLE (Groundball, 56D, EV 101.9 MPH)
Ruben Pujols to third
Batting: RHB Ben Hoffman 0-0: Called Strike
Rob Baker steals 2nd base
0-1: Ball
1-1: Foul Ball, location: 2F
1-2: Strikes out swinging
Batting: RHB Justin Olmstead 0-0: Ball
1-0: Ball
2-0: Ball
3-0: Called Strike
3-1: Foul Ball, location: 2F
3-2: Fly out, F8 (Flyball, 8RD, EV 97.5 MPH)
Bottom of the 5th over - 0 runs, 1 hit, 0 errors, 2 left on base; Everett 3 - Tri-City 1
TOP OF THE 6TH
Everett AquaSox batting - Pitching for Tri-City ValleyCats : RHP Chris Miles
Batting: SHB Tony Morales 0-0: Ground out 6-3 (Groundball, 6, EV 81.2 MPH)
Batting: RHB Nick Edmunds 0-0: Ball
1-0: Foul Ball, location: 2F
1-1: Ball
2-1: DOUBLE (Groundball, 5L, EV 105.6 MPH)
Batting: RHB Enrique Valdez 0-0: Foul Ball, location: 2F
0-1: SINGLE (Groundball, 34D, EV 96.9 MPH)
Nick Edmunds to third
Batting: RHB Franklin Romero 0-0: Called Strike
Enrique Valdez steals 2nd base
0-1: Foul Ball, location: 2F
0-2: SINGLE (Line Drive, 56, EV 99.4 MPH)
Nick Edmunds scores
Enrique Valdez to third
Batting: RHB David Greene 0-0: Called Strike
0-1: Ball
1-1: Ball
2-1: SINGLE (Groundball, 6MD, EV 96.9 MPH)
Enrique Valdez scores
Franklin Romero to second
Runner from 2nd tries for 3rd, SAFE, throw by CF made to third
Batting: RHB Heihachiro Fujita 0-0: Ball
1-0: Fielders Choice at 2nd, 6-4 (Groundball, 6M, EV 88.1 MPH)
Franklin Romero scores
Batting: RHB Mike Conaway 0-0: Ball
1-0: Called Strike
1-1: SINGLE (Line Drive, 3D, EV 98.8 MPH)
Heihachiro Fujita to second
Batting: LHB Taki Matsui 0-0: DOUBLE (Groundball, 3L, EV 111.2 MPH)
Heihachiro Fujita scores
Mike Conaway to third
Runner from 3rd tries for Home, SAFE, throw by RF to trailing runner, SAFE at third!
Batting: LHB Omar Colunga 0-0: Ball
1-0: SINGLE (Groundball, 4MD, EV 100.6 MPH)
Taki Matsui scores
Batting: SHB Tony Morales 0-0: Ground out 3-1 (Groundball, 34, EV 81.9 MPH)
Top of the 6th over - 6 runs, 7 hits, 0 errors, 1 left on base; Everett 9 - Tri-City 1
BOTTOM OF THE 6TH
Tri-City ValleyCats batting - Pitching for Everett AquaSox : RHP Francisco Mercado
Batting: SHB Chris Keziah 0-0: Ball
1-0: Ball
2-0: Called Strike
2-1: Ball
3-1: Base on Balls
Batting: LHB Vinny Siebecker 0-0: Called Strike
0-1: Swinging Strike
0-2: Foul Ball, location: 2F
0-2: Strikes out swinging
Batting: SHB Salvador Gomez 0-0: Called Strike
0-1: Ball
1-1: Ball
2-1: Grounds into double play, 6-4-3 (Groundball, 6, EV 91.9 MPH)
Bottom of the 6th over - 0 runs, 0 hits, 0 errors, 0 left on base; Everett 9 - Tri-City 1
TOP OF THE 7TH
Everett AquaSox batting - Pitching for Tri-City ValleyCats : RHP Chris Miles
Batting: RHB Nick Edmunds 0-0: Ball
1-0: Foul Ball, location: 2F
1-1: Foul Ball, location: 2F
1-2: Strikes out looking
Pinch Hitting: SHB Victor Rijos 0-0: Ball
1-0: Foul Ball, location: 2F
1-1: Fly out, F8 (Flyball, 89XD, EV 99.4 MPH)
Batting: RHB Franklin Romero 0-0: Ground out U3 (Groundball, 34, EV 102.5 MPH)
Top of the 7th over - 0 runs, 0 hits, 0 errors, 0 left on base; Everett 9 - Tri-City 1
BOTTOM OF THE 7TH
Tri-City ValleyCats batting - Pitching for Everett AquaSox : RHP Francisco Mercado
Now at 2B: David Greene
Now at SS: Victor Rijos
Batting: RHB Nate Britton 0-0: Called Strike
0-1: Ball
1-1: Ball
2-1: Ground out 1-3 (Groundball, 13S, EV 70.6 MPH)
Batting: RHB Mike Koch 0-0: Called Strike
0-1: Ball
1-1: Foul Ball, location: 2F
1-2: Strikes out looking
Batting: RHB Ruben Pujols 0-0: Called Strike
0-1: Ball
1-1: Swinging Strike
1-2: Strikes out swinging
Bottom of the 7th over - 0 runs, 0 hits, 0 errors, 0 left on base; Everett 9 - Tri-City 1
TOP OF THE 8TH
Everett AquaSox batting - Pitching for Tri-City ValleyCats : RHP Chris Miles
Batting: RHB David Greene 0-0: Ball
1-0: DOUBLE (Line Drive, 89XD, EV 106.9 MPH)
Batting: RHB Heihachiro Fujita 0-0: Hit by Pitch
Batting: RHB Mike Conaway 0-0: SINGLE (Flyball, 56D, EV 96.9 MPH)
David Greene to third
Heihachiro Fujita to second
Batting: LHB Taki Matsui 0-0: GRAND SLAM HOME RUN (Flyball, 89XD, EV 95.0 MPH), Distance : 393 ft
Pitching: RHP Evan Fry
Batting: LHB Omar Colunga 0-0: Called Strike
0-1: Ball
1-1: Ball
2-1: Fly out, F7 (Flyball, 78D, EV 91.9 MPH)
Batting: SHB Tony Morales 0-0: Called Strike
0-1: SINGLE (Groundball, 5L, EV 97.5 MPH)
Batting: RHB Nick Edmunds 0-0: Called Strike
Balk!
Tony Morales to second
0-1: Ball
Balk!
Tony Morales to third
1-1: Foul Ball, location: 2F
1-2: Ground out 6-3 (Groundball, 6, EV 105.0 MPH)
Tony Morales scores
Batting: SHB Victor Rijos 0-0: Ball
1-0: Called Strike
1-1: Called Strike
1-2: Foul Ball, location: 2F
1-2: Foul Ball, location: 2F
1-2: Ball
2-2: Ball
3-2: Strikes out looking
Top of the 8th over - 5 runs, 4 hits, 0 errors, 0 left on base; Everett 14 - Tri-City 1
BOTTOM OF THE 8TH
Tri-City ValleyCats batting - Pitching for Everett AquaSox : RHP Francisco Mercado
Batting: RHB Rob Baker 0-0: Ball
1-0: Swinging Strike
1-1: Ball
2-1: Fly out, F6 (Line Drive, 6, EV 73.1 MPH)
Batting: RHB Ben Hoffman 0-0: Ball
1-0: SINGLE (Groundball, 6MD, EV 96.9 MPH)
Batting: RHB Justin Olmstead 0-0: Swinging Strike
0-1: Swinging Strike
0-2: Foul Ball, location: 2F
0-2: Foul Ball, location: 2F
0-2: Ball
1-2: Strikes out swinging
Batting: SHB Chris Keziah Pickoff Throw to First - Out! 1-3
Bottom of the 8th over - 0 runs, 1 hit, 0 errors, 0 left on base; Everett 14 - Tri-City 1
TOP OF THE 9TH
Everett AquaSox batting - Pitching for Tri-City ValleyCats : RHP Evan Fry
Pitching: RHP Dan Kurtz
Batting: RHB Franklin Romero 0-0: Ball
1-0: Ball
2-0: Ball
3-0: Base on Balls
Batting: RHB David Greene 0-0: Foul Ball, location: 2F
0-1: Reached on error, E5 (Groundball, 5, EV 89.4 MPH)
Franklin Romero to second
Batting: RHB Heihachiro Fujita 0-0: Called Strike
0-1: Ball
1-1: SINGLE (Line Drive, 8RS, EV 99.4 MPH)
Franklin Romero to third
David Greene to second
Batting: RHB Mike Conaway 0-0: Ball
1-0: Ball
2-0: SINGLE (Line Drive, 5L, EV 96.2 MPH)
Franklin Romero scores
David Greene to third
Heihachiro Fujita to second
Batting: LHB Taki Matsui 0-0: Called Strike
0-1: Ball
1-1: Called Strike
1-2: Strikes out swinging
Batting: LHB Omar Colunga 0-0: Called Strike
0-1: Ball
1-1: Swinging Strike
1-2: Ball
2-2: Ball
3-2: Base on Balls
David Greene scores
Heihachiro Fujita to third
Mike Conaway to second
Pitching: RHP San-pao Kao
Batting: SHB Tony Morales 0-0: Called Strike
0-1: Ball
1-1: Fielders Choice at 2nd, 4-6 (Groundball, 4, EV 88.1 MPH)
Heihachiro Fujita scores
Mike Conaway to third
Batting: RHB Nick Edmunds Balk!
Mike Conaway scores
Tony Morales to second
0-0: Ball
1-0: Called Strike
1-1: Ball
2-1: Ball
3-1: Base on Balls
Batting: SHB Victor Rijos 0-0: Foul Ball, location: 2F
0-1: Ball
1-1: Fly out, F6 (Line Drive, 6, EV 71.2 MPH)
Top of the 9th over - 4 runs, 2 hits, 1 error, 2 left on base; Everett 18 - Tri-City 1
BOTTOM OF THE 9TH
Tri-City ValleyCats batting - Pitching for Everett AquaSox : RHP Francisco Mercado
Batting: SHB Chris Keziah 0-0: Ball
1-0: Foul Ball, location: 2F
1-1: Foul Ball, location: 2F
1-2: Ball
2-2: Strikes out swinging, 2-3 out at first.
Batting: LHB Vinny Siebecker 0-0: Swinging Strike
0-1: Ball
1-1: Swinging Strike
1-2: Ball
2-2: Ball
3-2: Ground out 4-3 (Groundball, 4, EV 81.2 MPH)
Batting: SHB Salvador Gomez 0-0: Ball
1-0: Ball
2-0: SINGLE (Groundball, 56D, EV 100.6 MPH)
Batting: RHB Nate Britton 0-0: Foul Ball, location: 2F
0-1: Ground out 4-3 (Groundball, 34, EV 104.4 MPH)
Bottom of the 9th over - 0 runs, 1 hit, 0 errors, 1 left on base; Everett 18 - Tri-City 1
Thursday, March 31st , 2022 - OOTP Baseball 22.12 Build 89